 Dungeon Crawl Stone Soup version 0.19-a0-1051-gdb7e7f8 (webtiles) character file.

63 Laraso the Chopper (level 3, -1/40 HPs)
             Began as a Vampire Gladiator on Aug 1, 2016.
             Killed by divine providence
             ... invoked by an orc priest
              (13 damage)
             ... on level 3 of the Dungeon.
             The game lasted 00:04:15 (1746 turns).

Laraso the Chopper (Vampire Gladiator)              Turns: 1746, Time: 00:04:16

Health: -1/40      AC: 21    Str: 15    XL:     3   Next: 87%
Magic:  3/3        EV:  2    Int: 10    God:
Gold:   87         SH:  0    Dex: 14    Spells: 0 memorised, 2 levels left

rFire  . . .     SeeInvis +     a - +0 war axe
rCold  . . .     Gourm    .     (armour currently unavailable)
rNeg   + + +     Faith    .     (no shield)
rPois  +         Spirit   .     (helmet currently unavailable)
rElec  .         Dismiss  .     (cloak currently unavailable)
rCorr  .         Reflect  .     (gloves currently unavailable)
SustAt .         Harm     .     (boots currently unavailable)
MR     .....     NoTele   +     m - amulet of inaccuracy (curse)
Stlth  +.........               (no ring)
                                (no ring)

@: tree-form, regenerating quickly, not resistant to hostile enchantments, very
unstealthy
A: (fangs 0), see invisible, (unbreathing)
a: no special abilities


You were on level 3 of the Dungeon.
You were very full.
You were a tree.
You visited 1 branch of the dungeon, and saw 3 of its levels.

You collected 87 gold pieces.

Inventory:

Hand Weapons
 a - a +0 war axe (weapon)
Missiles
 d - a throwing net (quivered)
Armour
 c - a +0 helmet (melded)
 g - a +0 ring mail
 o - a cursed -2 scale mail (melded)
Jewellery
 m - a cursed amulet of inaccuracy (around neck)
Scrolls
 b - 2 scrolls of magic mapping
 j - a scroll of blinking
 k - a scroll of teleportation
Potions
 e - 10 potions of blood
 f - a potion of lignification
 l - a potion of cure mutation
 n - a potion of haste {unknown}


   Skills:
 - Level 1.7 Fighting
 * Level 4.3 Axes
 - Level 1.5 Throwing
 - Level 3.2 Dodging


You had 2 spell levels left.
You didn't know any spells.

Dungeon Overview and Level Annotations

Branches:
Dungeon (3/15)

Altars:


Innate Abilities, Weirdness & Mutations

Your natural rate of healing is unusually fast.
((You have razor-sharp teeth.))
You have supernaturally acute eyesight. (SInv)
((You can survive without breathing.))


Message History

The orc priest struggles against the net.
You take 7 damage, and have 20/27 hp.
MASSIVE DAMAGE!!
The helpless orc priest fails to defend itself.
You hit the orc priest but do no damage.
The orc priest struggles against the net.
You barely miss the orc priest.
The orc priest struggles against the net.
The net rips apart, and the orc priest comes free!
You barely miss the orc priest. The orc priest hits you with a club.
You hit the orc priest but do no damage.
The orc priest invokes the aid of Beogh against you.
Pain shoots through your body!
* * * LOW HITPOINT WARNING * * *
You take 13 damage, and have 7/27 hp.
MASSIVE DAMAGE!!
You closely miss the orc priest. You bite the orc priest.
The orc priest hits you but does no damage.
The orc priest hits you with a club.
* * * LOW HITPOINT WARNING * * *
You take 4 damage, and have 3/27 hp.
Unknown command.
You feel better.
You regained 10 hp, and now have 13/27 hp.
Unknown command.
You feel better. The orc priest hits you with a club.
You regained 10 hp, and now have 23/27 hp.
Unknown command.
You completely miss the orc priest. The orc priest barely misses you.
The orc priest hits you but does no damage.
You turn into a tree.
Your +0 helmet melds into your body.
Your cursed -2 scale mail melds into your body.
Your roots penetrate the ground.
You now have 34/40 hp.
Unknown command.
You barely miss the orc priest.
The orc priest hits you but does no damage. x2
You closely miss the orc priest.
The orc priest hits you but does no damage.
You hit the orc priest.
The orc priest hits you but does no damage.
You closely miss the orc priest.
The orc priest miscasts a cantrip.
You barely miss the orc priest.
The orc priest invokes the aid of Beogh against you.
Beogh smites you!
The orc priest calls down the wrath of Beogh upon you.
Beogh smites you!
* * * LOW HITPOINT WARNING * * *
You take 25 damage, and have 10/40 hp.
MASSIVE DAMAGE!!
You miss the orc priest. The orc priest barely misses you.
You hit the orc priest but do no damage.
The orc priest hits you but does no damage.
You barely miss the orc priest.
The orc priest hits you but does no damage.
You hit the orc priest but do no damage.
The orc priest mumbles some strange prayers to Beogh against you.
Beogh smites you!
You die...

.......#####
.......)...#
..)....###.#
.......# #.#
.....#.# #.#
.....#.###.##
.### #>....(#
#.....(#
#<♣o...#
#......#
#......#
#.##.###
#.##(# #.##.#
#.##.# #.##.#
#. #.#


You could see an orc priest.

Vanquished Creatures
  An ooze (D:3)
  2 worms (D:2)
  A dart slug (D:1)
  A giant gecko (D:1)
  4 orcs
  A giant cockroach (D:1)
  7 goblins
  6 hobgoblins
  A jackal (D:2)
  6 bats
  2 giant newts (D:1)
  7 kobolds
  5 rats
44 creatures vanquished.

Notes
Turn   | Place    | Note
-------+----------+-------------------------------------------
     0 | D:1      | Laraso the Vampire Gladiator began the quest for the Orb.
     0 | D:1      | Reached XP level 1. HP: 16/16 MP: 1/1
   147 | D:1      | HP: 6/16 [kobold/whip (3)]
   248 | D:1      | Reached skill level 3 in Axes
   270 | D:1      | Reached XP level 2. HP: 22/22 MP: 2/2
   677 | D:1      | Reached XP level 3. HP: 27/27 MP: 3/3
  1006 | D:2      | Reached skill level 4 in Axes
  1406 | D:3      | HP: 3/27 [orc priest/divine providence (15)]
  1513 | D:3      | HP: 10/27 [orc priest/nerve-wracking pain (7)]
  1732 | D:3      | HP: 7/27 [orc priest/nerve-wracking pain (13)]
  1733 | D:3      | HP: 3/27 [orc priest/club (4)]
  1742 | D:3      | HP: 10/40 [orc priest/divine providence (15)]
  1746 | D:3      | Killed from afar by an orc priest

Vault maps used:
D:1:      mrwooster_arrival_statue, minmay_split_cup_large
D:2:      first_bread
D:3:      lemuel_crystal_altar, eat_drink_and_be_merry_uskayaw,
          ecumenical_altar_2, trog_hazing_becter, uniq_natasha, uniq_robin

Skill      XL: |  1  2  3 |
---------------+----------+-----
Axes           | 3 4 |  4.3
Fighting       | |  1.7
Throwing       | |  1.5
Dodging        | |  3.2

Action                   || total
-------------------------++-------
Melee: War axe           ||   185
       Bite              ||    17
Throw: Throwing net      ||     2
  Use: Scroll            ||     9
       Potion            ||    10
 Stab: Held in net/web   ||     2
  Eat: Corpse            ||     8
Armor: Leather armour    ||    21
       Ring mail         ||    38
       Scale mail        ||     8
       Skin              ||     4
Dodge: Dodged            ||   124

Table legend:
 A = Kills in this place as a percentage of kills in entire the game.
 B = Kills by you in this place as a percentage of kills by you in the entire game.
 C = Kills by friends in this place as a percentage of kills by friends in the entire game.
 D = Other kills in this place as a percentage of other kills in the entire game.
 E = Experience gained in this place as a percentage of experience gained in the entire game.
 F = Experience gained in this place divided by the number of levels of this place that you have seen.
                   A       B       C       D       E      F
               +-------+-------+-------+-------+-------+----------------------
         Total | 100.0 | 100.0 |  -nan |  -nan | 100.0 |  30.0
       Dungeon | 100.0 | 100.0 |  -nan |  -nan | 100.0 |  30.0
               +-------+-------+-------+-------+-------+----------------------

Table legend:
 A = Turns spent in this place as a percentage of turns spent in the entire game.
 B = Non-inter-level travel turns spent in this place as a percentage of non-inter-level travel turns spent in the entire game.
 C = Inter-level travel turns spent in this place as a percentage of turns spent in this place.
 D = Turns resting spent in this place as a percentage of non-inter-level travel turns spent in this place.
 E = Turns spent auto-exploring this place as a percentage of non-inter-level travel turns spent in this place.
 F = Non-inter-level travel turns spent in this place divided by the number of levels of this place that you've seen.
                   A       B       C       D       E      F
               +-------+-------+-------+-------+-------+----------------------
         Total | 100.0 | 100.0 |   0.4 |   2.2 |   6.6 | 243.0
       Dungeon | 100.0 | 100.0 |   0.4 |   2.2 |   6.6 | 243.0
               +-------+-------+-------+-------+-------+----------------------

Vault maps used:
D:1:      mrwooster_arrival_statue, minmay_split_cup_large
D:2:      first_bread
D:3:      lemuel_crystal_altar, eat_drink_and_be_merry_uskayaw,
          ecumenical_altar_2, trog_hazing_becter, uniq_natasha, uniq_robin
